 Dungeon Crawl Stone Soup version 0.17-a0-2208-ge5ab1d3 (webtiles) character file.

305 tp1 the Thaumaturge (level 6, -1/32 HPs)
             Began as a Deep Elf Conjurer on Oct 26, 2015.
             Killed from afar by radek's ghost (7 damage)
             ... with a magic dart
             ... on level 3 of the Dungeon.
             The game lasted 00:16:07 (2715 turns).

tp1 the Thaumaturge (Deep Elf Conjurer)             Turns: 2715, Time: 00:16:07

Health: -1/32      AC:  8    Str:  5    XL:     6   Next: 16%
Magic:  1/19       EV:  9    Int: 22    God:
Gold:   124        SH:  0    Dex: 15    Spells: 4 memorised, 10 levels left

rFire  . . .     SeeInvis .     A - +0 short sword
rCold  . . .     Clarity  .     s - +2 ring mail {MR+}
rNeg   . . .     SustAt   .     (no shield)
rPois  +         Gourm    .     (no helmet)
rElec  .         Spirit   .     (no cloak)
rCorr  .         Warding  .     (no gloves)
rMut   .         Stasis   .     e - +0 pair of boots
MR     +....                    (no amulet)
Stlth  +.........               (no ring)
                                u - ring of poison resistance

@: very slightly contaminated, somewhat resistant to hostile enchantments, very
unstealthy
A: no striking features
a: no special abilities


You were on level 3 of the Dungeon.
You were not hungry.

You visited 1 branch of the dungeon, and saw 3 of its levels.

You collected 124 gold pieces.

Inventory:

Hand Weapons
 n - a +0 short sword
 o - a +0 dagger
 v - a +0 dagger
 A - a +0 short sword (weapon)
Armour
 a - a +0 robe
 e - a +0 pair of boots (worn)
 s - a +2 ring mail of magic resistance (worn)
Jewellery
 u - a ring of poison resistance (left hand)
Wands
 y - a wand of teleportation (4)
Scrolls
 g - 2 scrolls of identify {unknown}
 h - a scroll of enchant armour {unknown}
 i - a scroll of immolation {unknown}
 k - 2 scrolls of teleportation {unknown}
 l - a scroll of random uselessness {unknown}
 r - a scroll of magic mapping {unknown}
Potions
 d - a potion of curing {unknown}
 j - a potion of beneficial mutation {unknown}
 m - 2 potions of mutation {unknown}
 p - a potion of flight {unknown}
 q - a potion of poison {unknown}
 x - a potion of heal wounds {unknown}
Books
 b - a book of Conjurations

   Spells                             Type                      Level
   a - Magic Dart                     Conjuration                  1
   b - Searing Ray                    Conjuration                  2
   c - Dazzling Spray                 Conjuration/Hexes            3
   d - Fulminant Prism                Conjuration/Hexes            4
   e - Iskenderun's Mystic Blast      Conjuration                  4
   f - Iskenderun's Battlesphere      Conjuration/Charms           5
Comestibles
 c - 6 bread rations
 f - 7 chunks of flesh
 t - 2 beef jerkies
 w - a slice of pizza
 z - a meat ration


   Skills:
 - Level 2.4 Dodging
 - Level 2.4 Stealth
 - Level 8.4 Spellcasting
 - Level 4.4 Conjurations
 + Level 2.3 Charms


You had 10 spell levels left.
You knew the following spells:

 Your Spells              Type           Power        Failure   Level  Hunger
a - Magic Dart            Conj           ####         6%          1    None
b - Searing Ray           Conj           ####..       10%         2    None
c - Dazzling Spray        Conj/Hex       ###.....     47%         3    None
d - Iskenderun's Battles  Conj/Chrm      ###.....     100%        5    #####..


Dungeon Overview and Level Annotations

Branches:
Dungeon (3/15)

Altars:
Ashenzari
Elyvilon
Nemelex Xobeh

Annotations:
D:3 radek's ghost, amateur DECj


Message History

Without enough magic to sustain it, your searing ray dissipates.
Radek's ghost says, "You must not succeed where I failed!"
Radek's ghost hits you. Radek's ghost hits you.
Casting: Searing Ray
Confirm with . or Enter, or press ? or * to list all spells.
You don't have enough magic to cast that spell.
Casting: Searing Ray
Confirm with . or Enter, or press ? or * to list all spells.
Aiming: Magic Dart
Press: ? - help, Shift-Dir - straight line, f - radek's ghost
Aim: radek's ghost (heavily damaged)
You miscast Magic Dart.
You are very lightly contaminated with residual magic.
Your skin glows momentarily.
Radek's ghost hits you.
* * * LOW HITPOINT WARNING * * *
Found 20 arrows.
Radek's ghost casts a spell at you. The magic dart hits you!
You die...

#>...#⌠.##'.#
#.##.##.#...#
#.##....#...#
####.##.#..#...#
###...w...##.###.#
##....#####........
##....######....)...
#...W....(.#.......<
###@###.............
?.......#
.####.......#
......... #
#.......# ....######
####..### ... ....
.. #..## # #.# #
#..##


You could see a worm and radek's ghost.

Vanquished Creatures
  Grinder (D:3)
  A worker ant (D:3)
  3 adders
  A worm (D:2)
  A giant gecko (D:1)
  4 orcs (D:3)
  A ball python (D:2)
  9 bats
  10 goblins
  3 hobgoblins (D:2)
  2 jackals (D:2)
  6 giant cockroaches
  2 giant newts (D:1)
  3 kobolds
  3 quokkas (D:2)
  4 rats
54 creatures vanquished.

Notes
Turn   | Place    | Note
--------------------------------------------------------------
     0 | D:1      | tp1 the Deep Elf Conjurer began the quest for the Orb.
     0 | D:1      | Reached XP level 1. HP: 10/10 MP: 6/6
   288 | D:1      | Reached XP level 2. HP: 15/15 MP: 5/9
   292 | D:1      | Learned a level 2 spell: Searing Ray
   919 | D:2      | Found a shattered altar of Ashenzari.
   966 | D:2      | Found a white marble altar of Elyvilon.
  1008 | D:2      | Found a sparkling altar of Nemelex Xobeh.
  1279 | D:2      | Reached skill level 5 in Spellcasting
  1279 | D:2      | Reached XP level 3. HP: 19/19 MP: 6/11
  1284 | D:2      | Learned a level 3 spell: Dazzling Spray
  1727 | D:2      | Found a shattered altar of Ashenzari.
  1833 | D:2      | Found a white marble altar of Elyvilon.
  2097 | D:2      | Found a sparkling altar of Nemelex Xobeh.
  2169 | D:3      | Noticed radek's ghost (amateur DECj)
  2320 | D:3      | Noticed Grinder
  2340 | D:3      | Killed Grinder
  2340 | D:3      | Reached skill level 8 in Spellcasting
  2340 | D:3      | Reached XP level 4. HP: 21/24 MP: 1/16
  2340 | D:3      | Reached XP level 5. HP: 24/28 MP: 1/17
  2350 | D:3      | Learned a level 5 spell: Iskenderun's Battlesphere
  2523 | D:3      | Reached XP level 6. HP: 32/32 MP: 15/19
  2552 | D:3      | Reached skill level 1 in Charms
  2589 | D:3      | Found a shattered altar of Ashenzari.
  2715 | D:3      | Killed from afar by radek's ghost

Vault maps used:
D:1:      dpeg_arrival_solitude, serial_co_window_serial, co_window_paths_b,
          co_window_corner_a, co_window_paths_a, co_window_corner_a,
          co_window_paths_a, co_window_corner_b, co_window_broadway_a,
          co_window_of_opportunity_c, glass_columns_a
D:2:      ashenzari_conservatory_becter, nemelex_xobeh_ov_fountains_minmay,
          first_bread, elyvilon_altar_3
D:3:      evilmike_ruin_ashenzari, uniq_grinder

Action                   |  1- 3 |  4- 6 || total
-------------------------+-------+-------++-------
Melee: Unarmed           |     5 |       ||     5
       Short sword       |     3 |     5 ||     8
 Cast: Magic Dart        |    66 |    18 ||    84
       Searing Ray       |     5 |     6 ||    11
       Dazzling Spray    |     1 |     1 ||     2
  Use: Scroll            |     1 |       ||     1
  Eat: Chunk             |     4 |     1 ||     5
